AoeStats
← ColdFront

Arena

507944433Analyzed
4v4 RM · 12d ago on Sep 20, 2026· 57m 19s· 8 players
Game mode
Random Map
Map size
Large (8 player)
Population
200
Speed
Normal
Resources
Standard
Victory
Conquest
Starting age
Dark Age
Ending age
Imperial Age
RankedLock teamsTeams togetherTeam positionsShared explorationLock speedFull tech treeHidden civsTurbo modeCheats
Victory
Defeat
🇮🇳 Mongols · India
943
+15
926
+16
🇺🇸 Koreans · United States
920
+16
891
+17
🇫🇮 Persians · Finland
1026
-20
🇬🇷 Berbers · Greece
914
-16
🇹🇷 Goths · Türkiye
872
-14
🇦🇺 Turks · Australia
867
-14
Anipazronkin
0:28 Loom
2:06 Loom
2:20 Loom
11:12 Feudal Age
12:46 Wheelbarrow
11:57 Town Watch
12:25 Double-Bit Axe
12:25 Horse Collar
13:57 Gold Mining
22:44 Castle Age
21:18 Stone Mining
23:50 Hand Cart
23:36 Town Patrol
23:48 Bow Saw
23:39 Heavy Plow
24:16 Stone Shaft Mining
24:22 Gold Shaft Mining
23:57 Town Patrol
24:16 Bow Saw
24:21 Fletching
26:44 Pikeman
27:25 Squires
27:13 Arson
28:03 Fortified Wall
27:49 Murder Holes
30:31 Treadmill Crane
31:02 Masonry
31:12 Scale Mail Armor
31:23 Forging
38:02 Imperial Age
38:29 Elite Fire Lancer
42:21 Guilds
BoBo鸡之印第安走地鸡
0:32 Loom
14:03 Feudal Age
16:29 Wheelbarrow
16:12 Horse Collar
16:19 Double-Bit Axe
16:29 Stone Mining
16:32 Gold Mining
18:57 Castle Age
23:16 Bow Saw
28:37 Stone Shaft Mining
28:04 Heavy Plow
30:03 Gold Shaft Mining
33:49 Imperial Age
31:36 Hand Cart
32:58 Scale Mail Armor
33:09 Forging
34:21 Squires
34:30 Thumb Ring
34:30 Herbalism
34:54 Conscription
34:41 Huaracas
34:00 Elite Guecha Warrior
35:04 Ballistics
34:25 Treadmill Crane
35:11 Chain Mail Armor
35:31 Iron Casting
34:46 Fletching
34:58 Padded Archer Armor
39:30 Masonry
40:45 Two-Man Saw
40:20 Crop Rotation
41:48 Bodkin Arrow
42:13 Leather Archer Armor
42:58 Bracer
43:38 Plate Mail Armor
44:54 Elite Temple Guard
49:46 Pikeman
ColdFront
11:52 Feudal Age
10:54 Loom
15:42 Castle Age
13:45 Horse Collar
14:07 Double-Bit Axe
23:20 Bloodlines
25:46 Scale Barding Armor
26:06 Forging
31:23 Wheelbarrow
33:23 Husbandry
34:34 Hand Cart
39:11 Imperial Age
36:27 Town Watch
36:45 Padded Archer Armor
36:36 Fletching
37:47 Heavy Plow
38:00 Bow Saw
38:10 Leather Archer Armor
38:15 Chain Barding Armor
38:31 Iron Casting
38:48 Town Patrol
39:02 Murder Holes
39:28 Ballistics
39:20 Fortified Wall
39:22 Masonry
39:52 Thumb Ring
40:50 Parthian Tactics
39:50 Light Cavalry
40:29 Bodkin Arrow
41:31 Conscription
41:47 Hoardings
41:34 Drill
41:07 Hussar
41:50 Bracer
42:51 Blast Furnace
43:52 Chemistry
遊戲靠賽輕鬆自在
8:57 Loom
10:43 Feudal Age
12:01 Horse Collar
12:11 Double-Bit Axe
18:05 Castle Age
18:06 Fletching
18:17 Padded Archer Armor
19:16 Bow Saw
19:10 Heavy Plow
20:45 Bodkin Arrow
25:01 Wheelbarrow
24:12 Town Watch
26:28 Forging
26:22 Scale Mail Armor
26:25 Arson
29:27 Town Watch
30:08 Squires
29:30 Pikeman
30:51 Iron Casting
31:51 Chain Mail Armor
34:45 Hand Cart
37:32 Leather Archer Armor
36:49 Elite Skirmisher
44:17 Imperial Age
45:36 Conscription
45:49 Plate Mail Armor
49:03 Elite Gbeto
54:37 Crop Rotation
Open sesame
9:51 Feudal Age
14:20 Castle Age
12:18 Double-Bit Axe
12:52 Horse Collar
21:00 Bow Saw
22:06 Heavy Plow
22:22 Loom
23:54 Wheelbarrow
24:26 Gold Mining
25:40 Stone Mining
26:14 Hand Cart
27:46 Bloodlines
27:37 Husbandry
30:46 Imperial Age
28:42 Scale Barding Armor
28:48 Forging
28:45 Light Cavalry
29:34 Thumb Ring
29:29 Elite Skirmisher
30:36 Chain Barding Armor
30:51 Iron Casting
30:17 Padded Archer Armor
30:07 Fletching
31:31 Conscription
32:30 Chemistry
32:35 Ballistics
32:55 Plate Barding Armor
33:10 Elite War Elephant
35:03 Leather Archer Armor
34:45 Bodkin Arrow
35:50 Blast Furnace
37:58 Kamandaran
39:00 Ring Archer Armor
41:03 Coinage
42:29 Banking
53:41 Hussar
56:20 Scale Mail Armor
balkania
4:13 Loom
12:30 Feudal Age
18:06 Castle Age
16:11 Horse Collar
18:38 Bloodlines
18:38 Scale Barding Armor
24:32 Forging
27:38 Heavy Plow
27:37 Double-Bit Axe
33:03 Imperial Age
32:11 Iron Casting
32:38 Wheelbarrow
35:11 Chain Barding Armor
35:20 Conscription
36:20 Caravan
36:32 Guilds
37:09 Plate Barding Armor
36:55 Gold Mining
37:40 Cavalier
39:33 Blast Furnace
41:16 Gold Shaft Mining
40:52 Padded Archer Armor
41:10 Fletching
44:48 Leather Archer Armor
44:28 Bodkin Arrow
46:01 Ring Archer Armor
45:51 Hand Cart
46:23 Crop Rotation
47:10 Elite Camel Archer
49:30 Chemistry
myavuz001
12:41 Feudal Age
13:45 Double-Bit Axe
17:02 Castle Age
17:21 Horse Collar
18:32 Bow Saw
26:54 Gold Mining
26:56 Stone Mining
28:04 Anarchy
31:41 Imperial Age
30:15 Forging
30:51 Scale Mail Armor
31:58 Wheelbarrow
31:08 Town Watch
32:05 Iron Casting
31:03 Pikeman
31:07 Elite Skirmisher
32:20 Ballistics
32:15 Padded Archer Armor
32:24 Perfusion
32:46 Conscription
32:53 Anarchy
34:36 Blast Furnace
33:47 Elite Huskarl
35:26 Squires
40:05 Chain Mail Armor
40:07 Leather Archer Armor
39:43 Fletching
40:55 Chemistry
43:02 Ring Archer Armor
42:29 Bodkin Arrow
45:40 Two-Man Saw
48:32 Halberdier
50:58 Bracer
51:05 Scale Barding Armor
resistancejohnconner
3:26 Loom
10:18 Feudal Age
15:05 Castle Age
13:40 Gold Mining
18:22 Gold Shaft Mining
22:27 Wheelbarrow
22:24 Horse Collar
22:33 Double-Bit Axe
26:00 Padded Archer Armor
25:50 Fletching
34:15 Heavy Plow
34:29 Bow Saw
46:59 Hand Cart
50:11 Bloodlines
55:23 Imperial Age
Connection lost

Rejoining the realm…

Still unreachable

The connection could not be restored.

Session expired

The server has moved on; the page needs a fresh start.